 Dungeon Crawl Stone Soup version 0.28-a0-429-g1448048969 (webtiles) character file.

Game seed: 5461093577068186084

224 Demosthentine the Poker (level 6, -1/48 HPs)
             Began as a Merfolk Gladiator on Sept 11, 2021.
             Slain by yellowboar's ghost (3 damage)
             ... on level 3 of the Dungeon.
             The game lasted 00:02:56 (2828 turns).

Demosthentine the Poker (Merfolk Gladiator)         Turns: 2828, Time: 00:02:56

Health: -1/48      AC:  5    Str: 19    XL:     6   Next: 0%
Magic:  6/6        EV: 14    Int:  8    God:
Gold:   1976       SH:  0    Dex: 15    Spells: 5/5 levels left

rFire   . . .      SeeInvis .   g - +6 lajatang (elec)
rCold   . . .      Faith    .   (shield currently unavailable)
rNeg    . . .      Spirit   .   b - +0 leather armour
rPois   .          Reflect  .   c - +0 helmet
rElec   .          Harm     .   (no cloak)
rCorr   .          Rampage  .   j - +0 pair of gloves
Will    +....                   (no boots)
Stlth   ++........              (no amulet)
HPRegen 0.16/turn               n - ring "Tureistocke" {Will+ Str+3 Stlth+}
MPRegen 0.10/turn               (no ring)

@: no status effects
A: (nimble swimmer 2), mertail
a: no special abilities


You were on level 3 of the Dungeon.
You visited 1 branch of the dungeon, and saw 3 of its levels.

You collected 1976 gold pieces.

Inventory:

Hand Weapons
 a - a +0 trident
 g - a +6 lajatang of electrocution (weapon)
Missiles
 d - 5 throwing nets (quivered)
Armour
 b - a +0 leather armour (worn)
 c - a +0 helmet (worn)
 j - a +0 pair of gloves (worn)
Jewellery
 n - the ring "Tureistocke" (left hand) {Will+ Str+3 Stlth+}
   (You acquired it on level 2 of the Dungeon)

   [ring of willpower]

   Str:       It affects your strength (+3).
   Will:      It increases your willpower.
   Stlth:     It makes you more stealthy.
Scrolls
 f - a scroll of fog {unknown}
 i - a scroll of teleportation
Potions
 h - a potion of curing {unknown}
 l - 2 potions of magic {unknown}


   Skills:
 + Level 3.7 Fighting
 - Level 5.7(5.8) Polearms
 + Level 0.7(2.1) Staves
 - Level 2.0 Throwing
 + Level 1.8 Armour
 + Level 5.5 Dodging


You had 5 spell levels left.
You didn't know any spells.
Your spell library contained the following spells:

 Spells                   Type           Power      Damage    Failure   Level
 Slow                     Hex            0%         N/A       61%         2
 Confusing Touch          Hex            0%         N/A       83%         3
 Gell's Gravitas          Tloc           0%         N/A       83%         3
 Teleport Other           Tloc           0%         N/A       83%         3
 Vampiric Draining        Necr           0%         2d6       83%         3
 Dispersal                Tloc           0%         N/A       100%        6
 Borgnjor's Revivificati  Necr           0%         N/A       100%        8
 Necromutation            Tmut/Necr      0%         N/A       100%        8
 Death's Door             Necr           0%         N/A       100%        9


Dungeon Overview and Level Annotations

Branches:
Dungeon (3/15)

Altars:

Annotations:
D:3 yellowboar's ghost, amateur OpEE


Innate Abilities, Weirdness & Mutations

((You are quick and stealthy near water. (Stealth+, EV+, Speed+++)))
Your lower body shifts to a powerful aquatic tail in water.


Message History

You slash the kobold!
You kill the kobold!
Yellowboar's ghost hits you.
You have reached level 6!
Your experience leads to an increase in your attributes!
Your base attributes are Str 15, Int 8, Dex 15.
Increase (S)trength, (I)ntelligence, or (D)exterity?
You feel stronger.
You barely miss yellowboar's ghost.
Yellowboar's ghost casts a spell at you.
The blast of sand hits you but does no damage.
You closely miss yellowboar's ghost. Yellowboar's ghost hits you.
* * * LOW HITPOINT WARNING * * *
You slash yellowboar's ghost!
Yellowboar's ghost is moderately damaged.
Yellowboar's ghost says, "A rolling stone gathers plenty of Demosthentine."
Yellowboar's ghost hits you.
* * * LOW HITPOINT WARNING * * *
Yellowboar's ghost stares at you and mumbles some strange words.
The stone arrow misses you.
You hit yellowboar's ghost.
Yellowboar's ghost is heavily damaged.
Yellowboar's ghost hits you.
* * * LOW HITPOINT WARNING * * *
You closely miss yellowboar's ghost.
Yellowboar's ghost is heavily damaged.
Yellowboar's ghost misses you.
You barely miss yellowboar's ghost.
Yellowboar's ghost is heavily damaged.
Yellowboar's ghost closely misses you.
Unknown command.
You barely miss yellowboar's ghost.
Yellowboar's ghost is heavily damaged.
Yellowboar's ghost hits you.
* * * LOW HITPOINT WARNING * * *
Yellowboar's ghost misses you.
You hit yellowboar's ghost.
Yellowboar's ghost is heavily damaged.
Yellowboar's ghost hits you.
You die...

######.#....#....
##...###....#<...
##.....###+#.##...
#P.#.#K≈#.........
#⌠.#.#.⌠##.#.##..#
#≈.#.#.≈##..<.....
###.....#####.###..
#.##)''##.....# ##.
#.@W......##### #.
#####.#.#.# ##
#...#.### #
###.#...#######
#.#........#
#.#........#
#.#........#
#.#........##
#.#..........


You could see yellowboar's ghost.

Vanquished Creatures
  A kobold brigand (D:3)
  An orc priest (D:3)
  Robin (D:3)
  3 adders (D:2)
  A worm (D:2)
  2 dart slugs
  9 orcs
  A bat (D:3)
  5 endoplasms
  3 giant cockroaches
  10 goblins (D:3)
  5 hobgoblins
  3 ball pythons
  4 frilled lizards
  18 kobolds
  9 rats
76 creatures vanquished.

Vanquished Creatures (others)
  3 plants (D:3)
3 creatures vanquished.

Grand Total: 79 creatures vanquished

Notes
Turn   | Place    | Note
-------+----------+-------------------------------------------
     0 | D:1      | Demosthentine the Merfolk Gladiator began the quest for the
                  | Orb.
     0 | D:1      | Reached XP level 1. HP: 16/16 MP: 1/1
    92 | D:1      | Reached XP level 2. HP: 23/23 MP: 2/2
   677 | D:2      | Reached XP level 3. HP: 28/28 MP: 3/3
   901 | D:2      | Reached skill level 5 in Polearms
  1068 | D:2      | Reached skill level 1 in Armour
  1372 | D:2      | Reached XP level 4. HP: 21/35 MP: 4/4
  1621 | D:2      | Identified 3 scrolls of acquirement
  1621 | D:2      | Acquired the ring "Tureistocke" {Will+ Str+3 Stlth+}
  1625 | D:2      | Acquired 948 gold pieces
  1628 | D:2      | Acquired 907 gold pieces
  2034 | D:3      | Reached skill level 5 in Dodging
  2225 | D:3      | Noticed Robin
  2229 | D:3      | Reached XP level 5. HP: 40/41 MP: 5/5
  2283 | D:3      | Killed Robin
  2604 | D:3      | Acquired a +6 lajatang of electrocution
  2688 | D:3      | Noticed a kobold brigand
  2689 | D:3      | Noticed yellowboar's ghost (amateur OpEE)
  2692 | D:3      | Found a runed translucent gate.
  2692 | D:3      | Found a runed translucent gate.
  2692 | D:3      | Found a runed translucent gate.
  2807 | D:3      | Killed a kobold brigand
  2821 | D:3      | Reached XP level 6. HP: 15/48 MP: 6/6
  2827 | D:3      | HP: 1/48 [yellowboar's ghost (3)]
  2828 | D:3      | Slain by yellowboar's ghost

Illustrated notes

Levels and vault maps discovered:
D:1:      ncdulo_wetmaze, layout_rooms
D:2:      layout_basic
D:3:      layout_basic, gammafunk_ghost_nasty_kobolds, serial_corexii_hall,
          chequers_hall_statues_wall_a, corexii_hall_statues_x,
          chequers_hall_statues_y, corexii_hall_statues_i, uniq_robin

Skill      XL: |  1  2  3  4 |
---------------+-------------+-----
Polearms       | 5 |  5.7
Armour         | 1 |  1.8
Fighting       | 3 |  3.7
Dodging        | 5 |  5.5
Staves         | |  0.7
Throwing       | |  2.0

Action                   |  1- 3 |  4- 6 || total
-------------------------+-------+-------++-------
Melee: Trident           |    93 |   114 ||   207
       Lajatang          |       |    26 ||    26
  Use: Scroll            |       |     8 ||     8
       Potion            |       |     2 ||     2
 Stab: Sleeping          |     3 |       ||     3
Armor: Leather armour    |    14 |    27 ||    41
Dodge: Dodged            |    38 |    87 ||   125

Table legend: (Time is in decaauts)
 A = Elapsed time spent in this place.
 B = Non-inter-level travel time spent in this place.
 C = Inter-level travel time spent in this place.
 D = Time resting spent in this place.
 E = Time spent auto-exploring this place.
 F = Levels seen in this place.
 G = Mean time per level.
                   A        B        C        D        E       F      G
               +--------+--------+--------+--------+--------+-----+--------+
         Total |   2833 |   2782 |     51 |      0 |   2295 |   3 |  944.3 |
       Dungeon |   2833 |   2782 |     51 |      0 |   2295 |   3 |  944.3 |
               +--------+--------+--------+--------+--------+-----+--------+

Top non-repeatable levels by time:
     D:3: 1169 daAuts
     D:2: 1037 daAuts
     D:1: 627 daAuts
